 Dungeon Crawl Stone Soup version 0.16.1-18-g436b03c (webtiles) character file.

227 namelastname112 the Poker (level 5, -14/47 HPs)
             Began as a Draconian Chaos Knight on May 2, 2015.
             Demolished by Duvessa
             ... wielding a +2 club of chaos
              (17 damage)
             ... on level 4 of the Dungeon.
             The game lasted 00:04:07 (2215 turns).

namelastname112 the Poker (Draconian Chaos Knight)  Turns: 2215, Time: 00:04:08

Health: -14/47     AC:  5    Str: 25    XL:     5   Next: 70%
Magic:  5/5        EV: 13    Int: 12    God:    Xom [......]
Gold:   89         SH:  0    Dex: 12    Spells: 0 memorised, 4 levels left

rFire  . . .     SeeInvis .     a - +0 rapier
rCold  . . .     Clarity  .     (armour unavailable)
rNeg   . . .     SustAb   .     (no shield)
rPois  .         Gourm    .     (helmet restricted)
rElec  .         Spirit   .     (no cloak)
rCorr  .         Warding  .     (no gloves)
rMut   .         Stasis   .     (no boots)
MR     .....                    (no amulet)
Stlth  +.........               (no ring)
                                g - +6 ring of strength

@: mighty, flying, not resistant to hostile enchantments, very unstealthy
A: unfitting armour, cold-blooded, AC +5
a: Renounce Religion


You were on level 4 of the Dungeon.
You worshipped Xom.
You were a very special plaything of Xom.
You were hungry.

You visited 1 branch of the dungeon, and saw 4 of its levels.

You collected 89 gold pieces.

Inventory:

Hand weapons
 a - a +0 rapier (weapon)
Jewellery
 g - a +6 ring of strength (left hand)
Magical devices
 s - a wand of confusion (28)
Scrolls
 b - 11 scrolls of identify {unknown}
 e - 3 scrolls of magic mapping {unknown}
 f - a scroll of fog {unknown}
 h - a scroll of fear {unknown}
 j - 2 scrolls of remove curse {unknown}
 o - a scroll of enchant weapon {unknown}
 p - 2 scrolls of recharging {unknown}
 q - a scroll of immolation {unknown}
Potions
 t - a potion of curing {unknown}
Comestibles
 c - a bread ration
 d - 3 meat rations
 l - 2 beef jerkies
 n - a slice of pizza
 u - 3 chunks of flesh


   Skills:
 + Level 4.3 Fighting
   Level 5.0 Polearms
 + Level 3.4 Dodging


You had 4 spell levels left.
You didn't know any spells.

Dungeon Overview and Level Annotations

Branches:
Dungeon (4/15)
 Temple: D:4-7

Altars:
Okawaru
Trog

Annotations:
D:4 Dowan, Duvessa


Innate Abilities, Weirdness & Mutations

Your plain brown scales are hard (AC +5).
Your body does not fit into most forms of armour.
Your cold-blooded metabolism reacts poorly to cold.


Message History

Dowan hits you but does no damage. Duvessa misses you.
Drink which item? (? for menu, Esc to quit)
It was a potion of restore abilities.
You feel refreshed. "First here, now there."
Duvessa wields your +2 club of chaos!
You wield Duvessa's rapier!
Dowan misses you. Duvessa barely misses you.
You feel sick.
You are no longer poisoned.
Dowan misses you.
Drink which item? (? for menu, Esc to quit)
It was a potion of flight.
You feel very buoyant.
You fly up into the air.
Dowan gestures at you while chanting. The puff of frost misses you.
Duvessa hits you with a +2 club of chaos!
* * * LOW HITPOINT WARNING * * *
You are electrocuted!
You die...
Xom thinks this is hilarious!

#################
........@e.......#
.........e........
################.


You could see Duvessa and Dowan.

Vanquished Creatures
  A centaur (D:4)
  4 adders
  A giant mite (D:3)
  A worm (D:2)
  An adder skeleton (D:4)
  An ooze (D:3)
  4 orcs (D:4)
  A ball python (D:3)
  14 bats
  7 giant cockroaches
  4 goblins
  4 hobgoblins
  3 jackals (D:3)
  6 kobolds
  2 giant geckos (D:3)
  3 giant newts
  2 quokkas (D:2)
  6 rats
65 creatures vanquished.

Vanquished Creatures (collateral kills)
  A hobgoblin (D:3)
1 creature vanquished.

Vanquished Creatures (others)
  An orc priest (D:4)
  A bat zombie (D:2)
2 creatures vanquished.

Grand Total: 68 creatures vanquished

Notes
Turn   | Place    | Note
--------------------------------------------------------------
     0 | D:1      | namelastname112, the Draconian Chaos Knight, began the quest for the Orb.
     0 | D:1      | Reached XP level 1. HP: 19/19 MP: 1/1
   155 | D:1      | XOM: divination: magic mapping
   316 | D:1      | Reached XP level 2. HP: 26/26 MP: 2/2
   744 | D:1      | XOM: harmless Trmt miscast
   922 | D:2      | XOM: silly message
   957 | D:2      | XOM: potion effect (haste)
   968 | D:2      | Reached XP level 3. HP: 26/31 MP: 3/3
  1390 | D:2      | XOM: enchant monster (bad)
  1429 | D:2      | XOM: mild Fire miscast
  1430 | D:2      | Noticed a fire vortex
  1430 | D:2      | Noticed a fire vortex
  1447 | D:2      | Found a bloodstained altar of Trog.
  1447 | D:2      | Found an iron altar of Okawaru.
  1593 | D:3      | XOM: mild Pois miscast
  1627 | D:3      | Reached skill level 4 in Polearms
  1627 | D:3      | Reached XP level 4. HP: 36/40 MP: 4/4
  2025 | D:4      | Noticed a centaur
  2025 | D:4      | an orc wizard changed into a centaur
  2025 | D:4      | XOM: polymorph orc wizard -> centaur
  2038 | D:4      | Killed a centaur
  2038 | D:4      | Reached XP level 5. HP: 36/46 MP: 5/5
  2044 | D:4      | XOM: swap monsters
  2049 | D:4      | Reached skill level 5 in Polearms
  2186 | D:4      | XOM: chaos upgrade
  2187 | D:4      | XOM: swap weapons
  2209 | D:4      | XOM: 2-stop teleportation journey
  2210 | D:4      | Noticed Duvessa
  2210 | D:4      | Noticed Dowan
  2213 | D:4      | XOM: swap weapons
  2215 | D:4      | Demolished by Duvessa

Action                   |  1- 3 |  4- 6 || total
-------------------------+-------+-------++-------
Melee: Spear             |   114 |    97 ||   211
       Club              |       |     4 ||     4
Evoke: Wand              |       |     1 ||     1
  Use: Potion            |       |     4 ||     4
 Stab: Confused          |     1 |     1 ||     2
       Paralysed         |     1 |       ||     1
       Distracted        |     1 |       ||     1
       Sleeping          |       |     2 ||     2
       Petrifying        |       |     1 ||     1
  Eat: Chunk             |     2 |     2 ||     4
